 Dungeon Crawl Stone Soup version 0.16-b1 (webtiles) character file.

13132 McCoppin the Grappler (level 11, -2/83 HPs)
             Began as a Demonspawn Wanderer on Mar 11, 2015.
             Was a Priest of Yredelemnul.
             Killed from afar by a fire dragon (47 damage)
             ... with a blast of flame
             ... on level 3 of the Lair of Beasts.
             The game lasted 01:28:12 (17657 turns).

McCoppin the Grappler (Demonspawn Wanderer)        Turns: 17657, Time: 01:28:12

Health: -2/83      AC: 13    Str: 17    XL:     11   Next: 71%
Magic:  24/24      EV:  7    Int: 13    God:    Yredelemnul [***...]
Gold:   321        SH:  0    Dex: 14    Spells: 0 memorised, 10 levels left

rFire  . . .     SeeInvis .       - Unarmed
rCold  . . .     Clarity  .     L - +0 plate armour
rNeg   . . .     SustAb   .     (no shield)
rPois  +         Gourm    .     (helmet restricted)
rElec  .         Spirit   .     r - +0 cloak
rCorr  .         Warding  .     (no gloves)
rMut   .         Stasis   .     (no boots)
MR     .....                    (no amulet)
Stlth  ..........               y - +2 ring of evasion
                                j - ring of poison resistance

@: injury mirror, not resistant to hostile enchantments, extremely unstealthy
A: claws 2, hooves 2, horns 2, demonic guardian 1, strong 1, wild magic 1
a: Animate Dead, Recall Undead Slaves, Injury Mirror, Renounce Religion


You were on level 3 of the Lair of Beasts.
You worshipped Yredelemnul.
Yredelemnul was most pleased with you.
You were not hungry.

You visited 3 branches of the dungeon, and saw 14 of its levels.
You also visited: Ossuary.

You collected 489 gold pieces.
You spent 168 gold pieces at shops.

Inventory:

Hand weapons
 d - a +0 dagger
 n - a +0 blowgun
Missiles
 b - 44 poisoned needles
 i - 392 stones (quivered)
 F - 3 throwing nets
Armour
 a - a +0 shield
 c - a +0 robe
 e - a +0 chain mail
 l - a cursed +0 leather armour
 m - a cursed +0 ring mail
 r - a +0 cloak (worn)
 B - a +1 ring mail of fire resistance
 L - a +0 plate armour (worn)
Jewellery
 j - a ring of poison resistance (left claw)
 t - an uncursed ring of flight
 y - a +2 ring of evasion (right claw)
Magical devices
 k - a wand of frost (28)
 u - a wand of paralysis (0)
 v - a wand of slowing (20)
 A - a wand of magic darts (18)
 C - a wand of random effects (27)
 E - a wand of digging (5)
 G - a wand of lightning (4)
 M - a wand of polymorph (10)
Scrolls
 h - 2 scrolls of teleportation
 w - 5 scrolls of remove curse
 x - a scroll of magic mapping
 K - a scroll of enchant weapon {unknown}
 N - a scroll of identify
 O - a scroll of fog {unknown}
 Q - a scroll of enchant armour {unknown}
 S - a scroll of random uselessness {unknown}
Potions
 q - 3 potions of ambrosia
 z - 3 potions of restore abilities
 H - a potion of magic
 I - a potion of flight
 R - a potion of agility {unknown}
Books
 D - a book of Cantrips

   Spells                             Type                      Level
   a - Corona                         Hexes                        1
   b - Animate Skeleton               Necromancy                   1
   c - Summon Small Mammal            Summoning                    1
   d - Apportation                    Translocation                1
Comestibles
 f - 2 bread rations
 g - 5 beef jerkies
 o - 3 slices of pizza
 p - 19 fruits
 J - a royal jelly
 P - 2 meat rations


   Skills:
 - Level 6.5 Fighting
   Level 2.6 Polearms
 - Level 5.6 Armour
 - Level 1.0 Dodging
 - Level 2.6 Stealth
 - Level 2.0 Shields
 + Level 11.2 Unarmed Combat
 - Level 8.0 Invocations
 - Level 10.0 Evocations


You had 10 spell levels left.
You didn't know any spells.

Dungeon Overview and Level Annotations

Branches:
Dungeon (10/15)            Temple (1/1) D:7            Lair (3/8) D:10
  Swamp: Lair:3-6    Shoals: Lair:3-6     Snake: Lair:3-6    Spider: Lair:3-6
    Orc: D:9-12

Altars:
Ashenzari
Cheibriados
Dithmenos
Elyvilon
Fedhas
Gozag
Kikubaaqudgha
Makhleb
Nemelex Xobeh
Okawaru
Ru
Sif Muna
Trog
Vehumet
Xom
Yredelemnul
Zin
The Shining One

Shops:
D:6 :   D:10 *

Portals:
Trove: D:10 (give 2 potions of cure mutation)

Annotations:
Lair:1 Fannar


Innate Abilities, Weirdness & Mutations

You have very sharp fingernails.
You have hoof-like feet.
You have a pair of horns on your head.
A weak demonic guardian rushes to your aid.
Your muscles are strong. (Str +2)
Your spells are a little harder to cast, but a little more powerful.


Message History

Okay, then.
Read which item? (? for menu, Esc to quit)
Okay, then.
Use which ability? (? or * to list)
You offer yourself to Yredelemnul, and fill with unholy energy.
You claw the fire dragon!
The fire dragon begins to bleed from its wounds!
The fire dragon is lightly wounded.
The fire dragon breathes flames at you. The blast of flame hits you!
Ouch! That really hurt!
Yredelemnul mirrors your injury!
The fire dragon is severely wounded.
Drink which item? (? for menu, Esc to quit)
You feel better. The fire dragon breathes flames at you.
The blast of flame hits you!
Ouch! That really hurt!
You die...
Your body rises from the dead as a mindless zombie.

...## #.#
.... #.##
... #..#
... ##..##
.. ##....##
# #......#
#......##
##.......#
#...†.@..#
#.....D≈≈#
#.....≈≈≈≈#
#≈..≈≈≈≈≈≈#
#≈≈≈≈≈≈.≈≈#
≈≈≈≈≈≈...##
≈≈≈≈≈≈≈...#
≈≈≈≈≈$$..#
≈≈$$?


You could see a fire dragon (bleeding).

Vanquished Creatures
  Harold (Lair:1)
  A griffon (Lair:2)
  2 black mambas
  2 spiny frogs (Lair:2)
  A troll (D:10)
  A komodo dragon (D:10)
  A deep elf mage (D:10)
  10 yaks
  Eustachio (D:7)
  5 wolves (Lair:2)
  A wyvern (D:10)
  4 hippogriffs
  A hungry ghost (D:6)
  Edmund (D:8)
  4 porcupines
  4 water moccasins
  An orc warrior (D:9)
  2 sky beasts (D:10)
  2 ice beasts
  A black bear (Lair:2)
  3 killer bees (D:9)
  2 phantoms
  4 ogres
  2 centaurs (D:7)
  3 crocodiles
  5 giant frogs
  3 big kobolds
  A water moccasin zombie (Ossuary)
  4 scorpions
  A water moccasin skeleton (D:5)
  15 wights
  An electric eel (D:9)
  3 crimson imps
  A jelly (D:7)
  A quasit (D:7)
  2 goliath beetles
  Crazy Yiuf (D:4)
  3 iguanas
  5 orc priests
  8 hounds
  3 orc wizards
  A centaur skeleton (D:9)
  4 worker ants
  A killer bee zombie (D:8)
  6 sheep (Lair:2)
  4 big kobold zombies (Ossuary)
  Jessica (D:3)
  3 mummies
  8 adders
  9 river rats
  2 giant mites
  2 shadow imps (D:5)
  2 worms
  8 adder zombies
  2 adder skeletons
  2 giant geckos
  2 oozes (D:1)
  24 orcs
  11 bats
  A bat skeleton (D:8)
  A gnoll zombie (Ossuary)
  6 goblins
  18 hobgoblins
  2 jackals (D:10)
  4 giant cockroaches
  7 giant newts
  A hobgoblin zombie (Ossuary)
  19 kobolds
  7 kobold zombies (Ossuary)
  10 orc zombies (Ossuary)
  5 quokkas
  2 quokka skeletons
  17 rats
309 creatures vanquished.

Vanquished Creatures (collateral kills)
  A polar bear (Lair:2)
  10 blink frogs (Lair:2)
  A basilisk (Lair:2)
  3 yaks
  A mottled dragon (Lair:2)
  2 wolves (Lair:2)
  2 water moccasins (Lair:2)
  An ice beast (Lair:1)
  An ogre (D:10)
  2 crocodiles (Lair:2)
  3 giant frogs
  A scorpion (Lair:2)
  A killer bee (D:9)
  2 wights (D:9)
  A giant frog skeleton (D:10)
  A jelly (D:10)
  A sheep (Lair:2)
  A hound skeleton (D:9)
  2 river rats (Lair:2)
  A bat (D:9)
  A jackal (D:10)
  2 quokkas (Lair:1)
41 creatures vanquished.

Vanquished Creatures (others)
  A black mamba zombie (Lair:2)
  6 blink frog zombies (Lair:2)
  2 water moccasin zombies
  A wyvern zombie (D:10)
  2 yak zombies (Lair:2)
  2 hippogriff zombies
  A polar bear zombie (Lair:2)
  A troll zombie (D:10)
  A yak skeleton (D:9)
  3 wolf zombies (Lair:2)
  6 crimson imps
  An electric eel (D:9)
  A giant frog zombie (Lair:2)
  A porcupine zombie (Lair:2)
  8 quasits
  5 iron imps
  A crocodile zombie (Lair:1)
  A killer bee zombie (D:9)
  An ogre zombie (D:10)
  A big kobold zombie (D:10)
  A hound zombie (D:9)
  A river rat (Lair:1)
  7 white imps
  10 ufetubi
  5 sheep zombies (Lair:2)
  A bat zombie (D:9)
  4 river rat zombies
  A jackal zombie (D:10)
  2 kobold zombies (D:10)
  An orc zombie (D:9)
  A quokka zombie (Lair:1)
  A rat (D:3)
81 creatures vanquished.

Grand Total: 431 creatures vanquished

Notes
Turn   | Place    | Note
--------------------------------------------------------------
     0 | D:1      | McCoppin, the Demonspawn Wanderer, began the quest for the Orb.
     0 | D:1      | McCoppin set off with: a +0 shield, 2 potions of lignification, a +0 robe, a +0 dagger, a bread ration
     0 | D:1      | Reached XP level 1. HP: 15/15 MP: 1/1
   510 | D:1      | Gained mutation: You have large cloven feet. [demonic ancestry]
   510 | D:1      | Reached XP level 2. HP: 19/21 MP: 2/2
  2166 | D:2      | Found a deep blue altar of Sif Muna.
  2217 | D:2      | Gained mutation: You have hoof-like feet. [demonic ancestry]
  2217 | D:2      | Reached XP level 3. HP: 20/27 MP: 3/3
  2685 | D:2      | Found a blossoming altar of Fedhas.
  2911 | D:2      | Reached skill level 1 in Armour
  3179 | D:2      | Found a glowing golden altar of the Shining One.
  3497 | D:3      | Noticed Jessica
  3518 | D:3      | Killed Jessica
  3518 | D:3      | Gained mutation: You have a pair of small horns on your head. [demonic ancestry]
  3518 | D:3      | Reached XP level 4. HP: 18/34 MP: 4/4
  3819 | D:3      | Noticed an ogre
  3846 | D:5      | Entered Level 5 of the Dungeon
  4028 | D:5      | Found an opulent altar of Gozag.
  4124 | D:5      | Reached skill level 3 in Fighting
  4355 | D:4      | Gained mutation: You have sharp fingernails. [demonic ancestry]
  4355 | D:4      | Reached XP level 5. HP: 35/41 MP: 5/5
  4420 | D:4      | Noticed an ogre
  4420 | D:4      | Noticed an ogre
  4435 | D:4      | Killed an ogre
  4438 | D:4      | Killed an ogre
  4438 | D:4      | Reached skill level 4 in Fighting
  4438 | D:4      | Gained mutation: You have a pair of horns on your head. [demonic ancestry]
  4438 | D:4      | Reached XP level 6. HP: 46/48 MP: 6/6
  4788 | D:4      | Noticed Crazy Yiuf
  4800 | D:4      | Killed Crazy Yiuf
  5092 | D:5      | Found a shattered altar of Ashenzari.
  5303 | D:5      | Noticed a black bear
  5409 | D:6      | Reached XP level 7. HP: 52/55 MP: 7/7
  5916 | D:6      | Reached skill level 5 in Unarmed Combat
  6139 | D:6      | Found Pnubeg's Book Boutique.
  6263 | D:6      | Reached XP level 8. HP: 53/61 MP: 8/8
  6311 | D:6      | Reached skill level 6 in Unarmed Combat
  6587 | D:7      | Found a staircase to the Ecumenical Temple.
  6598 | Temple   | Entered the Ecumenical Temple
  6754 | Temple   | Became a worshipper of Yredelemnul the Dark
  6772 | D:7      | Reached skill level 7 in Unarmed Combat
  6831 | D:7      | Found a sand-covered staircase.
  6854 | Ossuary  | Entered an ossuary
  7120 | D:7      | Found a glowing silver altar of Zin.
  7121 | D:7      | Found a snail-covered altar of Cheibriados.
  7162 | D:7      | Reached skill level 8 in Unarmed Combat
  7231 | D:7      | Noticed Eustachio
  7271 | D:7      | Killed Eustachio
  7632 | D:7      | Found an iron altar of Okawaru.
  7740 | D:8      | Found a sacrificial altar of Ru.
  7825 | D:8      | Gained mutation: You have very sharp fingernails. [demonic ancestry]
  7825 | D:8      | Reached XP level 9. HP: 66/66 MP: 9/9
  7864 | D:8      | Reached skill level 9 in Unarmed Combat
  8163 | D:8      | Noticed Edmund
  8173 | D:8      | Killed Edmund
  8429 | D:8      | Reached skill level 10 in Unarmed Combat
  8450 | D:8      | Reached skill level 1 in Evocations
  9523 | D:9      | Acquired Yredelemnul's first power
  9626 | D:9      | Reached skill level 5 in Evocations
  9909 | D:9      | Gained mutation: A weak demonic guardian rushes to your aid. [demonic ancestry]
  9909 | D:9      | Reached XP level 10. HP: 73/73 MP: 18/20
 10888 | D:9      | Found a shattered altar of Ashenzari.
 11396 | D:10     | Entered Level 10 of the Dungeon
 11766 | D:10     | Gained mutation: Your muscles are strong. (Str +2) [mutagenic meat]
 12027 | D:10     | Reached skill level 10 in Evocations
 12399 | D:10     | Reached skill level 5 in Fighting
 12612 | D:10     | Gained mutation: Your spells are a little harder to cast, but a little more powerful. [potion of beneficial mutation]
 12809 | D:10     | Found Meka's General Store.
 12818 | D:10     | Bought a potion of might for 56 gold pieces
 12818 | D:10     | Bought a potion of invisibility for 112 gold pieces
 12830 | D:10     | Found a portal to a secret trove of treasure.
 13033 | D:10     | Found a staircase to the Lair.
 13428 | Lair:1   | Entered Level 1 of the Lair of Beasts
 13449 | Lair:1   | Acquired Yredelemnul's second power
 13449 | Lair:1   | Reached skill level 5 in Armour
 13489 | Lair:1   | Found an opulent altar of Gozag.
 13493 | Lair:1   | Noticed Harold
 14155 | Lair:1   | Killed Harold
 14155 | Lair:1   | Reached XP level 11. HP: 80/83 MP: 24/24
 14239 | Lair:1   | Reached skill level 1 in Invocations
 14267 | Lair:1   | Noticed Fannar
 14731 | Lair:2   | Reached skill level 5 in Invocations
 14748 | Lair:2   | Acquired Yredelemnul's third power
 16830 | Lair:2   | Reached skill level 11 in Unarmed Combat
 17649 | Lair:3   | Noticed a fire dragon
 17657 | Lair:3   | Killed from afar by a fire dragon

Action                   |  1- 3 |  4- 6 |  7- 9 | 10-12 || total
-------------------------+-------+-------+-------+-------++-------
Melee: Dagger            |   274 |    55 |       |       ||   329
       Unarmed           |       |   150 |   497 |   398 ||  1045
 Fire: Blowgun           |       |       |     2 |       ||     2
Invok: Animate Remains   |       |       |     1 |    24 ||    25
       Recall Undead Sla |       |       |       |     3 ||     3
       Animate Dead      |       |       |       |    12 ||    12
       Injury Mirror     |       |       |       |     1 ||     1
Evoke: Wand              |       |       |     3 |     5 ||     8
  Use: Potion            |     2 |     4 |     6 |    17 ||    29
       Scroll            |       |     4 |     4 |     3 ||    11
 Stab: Sleeping          |     3 |       |       |     1 ||     4
       Paralysed         |       |       |     4 |     2 ||     6
       Distracted        |       |       |       |     5 ||     5
  Eat: Chunk             |     7 |     4 |     8 |     4 ||    23
       Bread ration      |       |     1 |     2 |     3 ||     6
       Royal jelly       |       |       |     1 |       ||     1
       Fruit             |       |       |       |    16 ||    16
